 Dungeon Crawl Stone Soup version 0.27.1-1-g398f81649c (webtiles) character file.

Game seed: 1071914161533458945

29 Descartes the Covert (level 3, 0/19 HPs)
             Began as a Spriggan Delver on Sept 14, 2021.
             Slain by a white imp (3 damage)
             ... on level 4 of the Dungeon.
             The game lasted 00:02:32 (462 turns).

Descartes the Covert (Spriggan Delver)               Turns: 462, Time: 00:02:33

Health: 0/19       AC:  2    Str:  9    XL:     3   Next: 1%
Magic:  4/4        EV: 17    Int: 11    God:
Gold:   0          SH:  0    Dex: 16    Spells: 2/2 levels left

rFire    . . .     SeeInvis +   a - +0 short sword
rCold    . . .     Faith    .   (shield restricted)
rNeg     . . .     Spirit   .   b - +0 robe
rPois    .         Reflect  .   (helmet restricted)
rElec    .         Harm     .   (no cloak)
rCorr    .         Rampage  .   (gloves unavailable)
Will     .....                  (boots unavailable)
Stlth    ++++......             (no amulet)
HPRegen  0.06/turn              (no ring)
MPRegen  0.09/turn              (no ring)

@: very quick
A: very small, no large weapons, unfitting armour, see invisible, speed 3
a: no special abilities


You were on level 4 of the Dungeon.
You visited 1 branch of the dungeon, and saw 2 of its levels.

Inventory:

Hand Weapons
 a - a +0 short sword (weapon)
Missiles
 i - 7 poisoned darts (quivered)
Armour
 b - a +0 robe (worn)
Wands
 g - a wand of digging (3)
Scrolls
 c - a scroll of fog
 d - a scroll of magic mapping
 e - a scroll of fear
Potions
 f - a potion of haste
 h - a potion of attraction {unknown}
 j - a potion of heal wounds {unknown}


   Skills:
 + Level 2.6 Fighting
 + Level 2.4 Short Blades
 + Level 2.7 Dodging
 + Level 8.2 Stealth


You had 2 spell levels left.
You didn't know any spells.
Your spell library was empty.

Dungeon Overview and Level Annotations

Branches:
Dungeon (5/15)
 Temple: D:4-7

Altars:

Annotations:
D:5 Edmund


Innate Abilities, Weirdness & Mutations

You are very small and have problems with some larger weapons.
You are too small for most types of armour.
You have supernaturally acute eyesight. (SInv)
You cover ground extremely quickly. (Speed+++)


Message History

The centaur shouts!
The centaur wields a +0 shortbow.
The centaur shoots an arrow.
The arrow hits you!
There is a stone staircase leading up here.
The centaur shoots an arrow.
The arrow hits you.
The centaur shoots an arrow.
The arrow misses you.
You climb upwards.
Found a helmet.
There is a stone staircase leading down here.
You see here a +0 helmet.
Found a hunting sling.
You start resting.
HP restored.
The white imp shouts!
The white imp misses you.
You hit the white imp but do no damage. The white imp gestures at you.
The puff of frost hits you.
You hit the white imp but do no damage. The white imp puffs mist at you.
The white imp gestures at you. The puff of frost misses you.
You hit the white imp.
The white imp is moderately wounded.
The white imp misses you.
You hit the white imp.
The white imp is heavily wounded.
The white imp barely misses you.
You closely miss the white imp.
The white imp is heavily wounded.
The white imp gestures at you. The puff of frost hits you!
* * * LOW HITPOINT WARNING * * *
You are too injured to fight recklessly!
You hit the white imp but do no damage.
The white imp is heavily wounded.
The white imp hits you.
* * * LOW HITPOINT WARNING * * *
The white imp freezes you.
You die...

###....)#
#.......+
#.#.....#
#.#.....#
#.#.....#
#.......#
#......#
#......#
#[#.##@##
#>.....5......
#.#.##........
#.#.##########
#.#.. #.####
#.# #.# #.#


You could see a white imp.

Vanquished Creatures
  A bullfrog skeleton (D:5)
1 creature vanquished.

Notes
Turn   | Place    | Note
-------+----------+-------------------------------------------
     0 | D:5      | Descartes the Spriggan Delver began the quest for the Orb.
     0 | D:5      | Reached XP level 1. HP: 11/11 MP: 2/2
   161 | D:5      | Reached skill level 8 in Stealth
   161 | D:5      | Reached XP level 2. HP: 16/16 MP: 3/3
   161 | D:5      | Reached XP level 3. HP: 19/19 MP: 4/4
   233 | D:5      | Noticed Edmund
   259 | D:5      | Noticed a centaur
   462 | D:4      | Slain by a white imp

Illustrated notes

Levels and vault maps discovered:
D:4:      layout_basic, lemuel_crystal_altar
D:5:      layout_cave_pods, uniq_edmund

Skill      XL: |  1 |
---------------+----+-----
Stealth        | 8 |  8.2
Fighting       | |  2.6
Short Blades   | |  2.4
Dodging        | |  2.7

Action                   || total
-------------------------++-------
Melee: Short sword       ||    10
 Stab: Sleeping          ||     1
Dodge: Dodged            ||     9
